 Dungeon Crawl Stone Soup version 0.30.0-16-gbe6223bb7e (webtiles) character file.

Game seed: 5650169488098592798

11978 Kenran the Fencer (level 11, -9/135 HPs)
             Began as a Merfolk Gladiator on May 20, 2023.
             Was the Champion of Zin.
             Mangled by a hornet (11 damage)
             ... while paralysed by a hornet
             ... on level 8 of the Dungeon.
             The game lasted 00:22:02 (9186 turns).

Kenran the Fencer (Merfolk Gladiator)               Turns: 9186, Time: 00:22:02

Health: -9/135     AC:  9    Str: 14    XL:     11   Next: 86%
Magic:  14/14      EV:  2    Int:  8    God:    Zin [******]
Gold:   336        SH:  0    Dex: 22    Spells: 10/10 levels left

rFire   + . .        a - +4 long sword (elec)
rCold   . . .        o - +1 buckler of Divine Compulsion {Dex+2}
rNeg    . . .        K - +0 acid dragon scales
rPois   .            c - +0 helmet
rElec   .            i - +0 cloak
rCorr   +            (no gloves)
SInv    .            s - +0 pair of boots
Will    .....        d - amulet "Zoizxoje" {Faith rF+} Stlth
                     (no ring)
HPRegen 0.42/turn    (no ring)
MPRegen 0.14/turn

%: faith
@: paralysed, brilliant, berserking, lethally poisoned (-9 -> -21), slowed
A: (nimble swimmer 2), mertail
a: Renounce Religion, Recite, Vitalisation, Imprison, Sanctuary, Donate Gold


You were on level 8 of the Dungeon.
You worshipped Zin.
Zin was exalted by your worship.
You visited 1 branch of the dungeon, and saw 8 of its levels.
You also visited: Ossuary.

You collected 506 gold pieces.
You spent 120 gold pieces at shops.
You donated 50 gold pieces to Zin.

Inventory:

Hand Weapons
 a - a +4 long sword of electrocution (weapon)
 b - a +0 scimitar of flaming
 H - the +10 longbow "Uhiuco Lele" {drain, rN+ Will+ Str-5}
   (You found it on level 5 of the Dungeon)

   Str:       It affects your strength (-5).
   rN:        It protects you from negative energy.
   Will:      It increases your willpower.
   Zin disapproves of the use of such an item.
Missiles
 e - 4 javelins (quivered)
 f - 5 atropa-tipped darts
 F - 3 curare-tipped darts
 I - a throwing net
Armour
 c - a +0 helmet (worn)
 i - a +0 cloak (worn)
 o - the +1 buckler of Divine Compulsion (worn) {Dex+2}
   (You found it on level 2 of the Dungeon)

   Dex:       It affects your dexterity (+2).
 s - a +0 pair of boots (worn)
 K - +0 acid dragon scales (worn)
Jewellery
 d - the amulet "Zoizxoje" (around neck) {Faith rF+}
   (You acquired it on level 4 of the Dungeon)

   [amulet of faith]

   It allows you to gain divine favour quickly.
   rF:        It protects you from fire.
 N - a +4 ring of slaying
Wands
 l - a wand of iceblast (5)
 B - a wand of flame (14)
 L - a wand of mindburst (18)
Scrolls
 j - 4 scrolls of immolation {!r}
 m - 3 scrolls of enchant armour
 p - 2 scrolls of enchant weapon
 q - 2 scrolls of magic mapping
 r - 3 scrolls of teleportation
 x - 2 scrolls of vulnerability {!r}
 y - a scroll of fog
 C - a scroll of blinking {unknown}
 M - a scroll of silence {unknown}
 O - a scroll of torment {unknown}
 P - a scroll of poison {unknown}
Potions
 g - a potion of might {unknown}
 h - a potion of heal wounds {unknown}
 k - 3 potions of mutation
 n - 2 potions of magic
 t - a potion of brilliance
 u - a potion of berserk rage {!q}
 v - a potion of resistance {unknown}
 w - a potion of attraction {unknown}
 z - a potion of lignification {unknown}
 A - 3 potions of flight
 E - 5 potions of curing {@q1}
 G - a potion of cancellation {unknown}
 J - a potion of invisibility {unknown}


   Skills:
 - Level 10.0 Fighting
 - Level 17.0 Long Blades
 - Level 2.0 Throwing
 - Level 10.0 Dodging
 + Level 4.9 Stealth
 - Level 2.0 Shields
 - Level 4.0 Invocations


You had 10 spell levels left.
You didn't know any spells.
Your spell library contained the following spells:

 Spells                   Type           Power      Damage    Failure   Level
 Slow                     Hex            0%         N/A       65%         1
 Sublimation of Blood     Necr           0%         N/A       78%         2
 Wereblood                Tmut           0%         N/A       78%         2
 Confusing Touch          Hex            0%         N/A       95%         3
 Vampiric Draining        Necr           0%         2d6       95%         3
 Summon Forest            Summ/Tloc      0%         N/A       100%        5
 Summon Mana Viper        Hex/Summ       0%         N/A       100%        5
 Summon Cactus Giant      Summ           0%         N/A       100%        6
 Summon Hydra             Summ           0%         N/A       100%        7


Dungeon Overview and Level Annotations

Branches:
Dungeon (8/15)             Temple (0/1) D:7         Ossuary (visited)
   Lair: D:8-11

Altars:
Dithmenos
Fedhas
Hepliaklqana
Nemelex Xobeh
Ru
Trog
Xom
Zin

Shops:
D:3 ?


Innate Abilities, Weirdness & Mutations

((You are very nimble when in or above water. (Stealth+, EV+, Speed+++)))
Your lower body shifts to a powerful aquatic tail in water.


Message History

You assume a fearsome visage.
The troll resists with some effort.
The hornet looks frightened!
The ice beast looks frightened!
The orc wizard looks frightened!
The orc wizard shouts!
You hear a shout!
Cornered, the hornet turns to fight!
The orc wizard gestures wildly while chanting.
The orc wizard flickers and vanishes!
Deactivating autopickup; reactivate with Ctrl-A.
You hear an angry buzzing noise.
Okay, then.
Okay, then.
It was a potion of magic.
Magic courses through your body. The hornet barely misses you.
The hornet closely misses you.
It was a potion of brilliance.
You feel clever all of a sudden. The hornet barely misses you.
The hornet stings you but does no damage.
The hornet barely misses you.
It was a potion of berserk rage.
A red film seems to cover your vision as you go berserk!
You feel yourself moving faster!
You feel mighty!
You feel yourself speed up. The hornet closely misses you.
The hornet completely misses you.
You slash the hornet!
The hornet is severely wounded.
The hornet stings you!
* * * LOW HITPOINT WARNING * * *
You are poisoned.
You suddenly lose the ability to move!
You feel very sick. The hornet stings you!
* * * LOW HITPOINT WARNING * * *
You feel yourself slow down.
You feel sick. The hornet stings you!
* * * LOW HITPOINT WARNING * * *
You are more poisoned.
You feel as though you will be slow longer.
A troll comes into view.
The hornet stings you!
You die...

#..#.......# ###.#
#..........# #...#
#.#....###.###.###
#.####)# #.#...#
#.....)###...###
#..)..).##..##
≣..#)...#.##..#
≣≣..###.......#
≣≣. #@##..>.#
≣≣.##y#######
≣...T# ≣.#......#
.. #......# ≣.
#......# ≣
T.###### .#. .#.


You could see 2 trolls and a hornet.

Vanquished Creatures
  A hydra (D:8)
  A centaur warrior (D:8)
  A two-headed ogre (D:8)
  A manticore (D:8)
  Maggie (D:7)
  A gargoyle (D:7)
  An efreet (D:8)
  A troll (D:8)
  A wyvern (D:8)
  2 slime creatures
  A shadow (D:8)
  2 steam dragons
  4 water moccasins
  A black bear (D:4)
  3 orc warriors
  5 ogres
  3 centaurs
  4 phantoms
  2 elf zombies (Ossuary)
  A kobold brigand (D:8)
  Blork the orc (D:6)
  A gnoll sergeant (D:7)
  4 bullfrogs
  2 scorpions
  6 wights (D:7)
  4 howler monkeys
  A centaur zombie (Ossuary)
  4 jellies
  3 human zombies (Ossuary)
  3 orc priests
  9 hounds
  5 iguanas
  3 sleepcaps
  7 orc wizards
  2 mummies (Ossuary)
  15 adders
  3 gnolls (D:7)
  A shadow imp (D:7)
  2 white imps (D:7)
  3 worms
  3 dart slugs
  33 orcs
  4 ball pythons
  7 endoplasms
  7 giant cockroaches
  2 goblins
  4 hobgoblins
  7 jackals (D:3)
  10 kobolds
  2 quokkas (D:4)
  6 bats
  2 frilled lizards (D:2)
  A goblin zombie (Ossuary)
  10 hobgoblin zombies (Ossuary)
  2 jackal zombies (Ossuary)
  11 kobold zombies (Ossuary)
  7 orc zombies (Ossuary)
  4 rats
  A butterfly (D:7)
239 creatures vanquished.

Notes
Turn   | Place    | Note
-------+----------+-------------------------------------------
     0 | D:1      | Kenran the Merfolk Gladiator began the quest for the Orb.
     0 | D:1      | Reached XP level 1. HP: 16/16 MP: 1/1
   264 | D:1      | Reached skill level 4 in Long Blades
   621 | D:1      | Reached XP level 2. HP: 22/22 MP: 2/2
   764 | D:1      | Found a faded altar of an unknown god.
   775 | D:1      | Prayed at the altar of an unknown god.
   775 | D:1      | Became a worshipper of Zin the Law-Giver
   775 | D:1      | Reached * piety under Zin
  1071 | D:2      | Reached XP level 3. HP: 27/27 MP: 3/3
  1083 | D:2      | Reached skill level 5 in Long Blades
  1094 | D:2      | Identified the +1 barding "Fimen" {Dex+2 Stlth+}
  1207 | D:2      | Identified the +1 buckler of Divine Compulsion {Dex+2}
  1240 | D:2      | Reached ** piety under Zin
  1426 | D:2      | Reached *** piety under Zin
  1466 | D:2      | You fall into a shaft and drop 1 floor!
  1834 | D:3      | Reached XP level 4. HP: 28/33 MP: 4/4
  1885 | D:3      | Reached skill level 6 in Long Blades
  1956 | D:3      | Found Hour's Magic Scroll Shoppe.
  1965 | D:3      | Bought 3 scrolls of identify for 60 gold pieces
  1965 | D:3      | Bought a scroll of noise for 10 gold pieces
  1965 | D:3      | Bought a scroll of teleportation for 30 gold pieces
  1965 | D:3      | Bought a scroll of identify for 20 gold pieces
  2009 | D:3      | Found a sparkling altar of Nemelex Xobeh.
  2243 | D:3      | Found a bloodstained altar of Trog.
  2457 | D:4      | Noticed an ogre
  2475 | D:4      | Killed an ogre
  2476 | D:4      | Reached skill level 7 in Long Blades
  2476 | D:4      | Reached XP level 5. HP: 26/38 MP: 5/5
  2677 | D:3      | Reached XP level 6. HP: 36/44 MP: 6/6
  2746 | D:4      | Noticed a black bear
  2822 | D:4      | Reached skill level 8 in Long Blades
  3256 | D:4      | Killed a black bear
  3257 | D:4      | Reached skill level 9 in Long Blades
  3265 | D:4      | Found a shadowy altar of Dithmenos.
  3278 | D:4      | Reached XP level 7. HP: 50/50 MP: 7/7
  3782 | D:4      | Identified a scroll of acquirement
  3783 | D:4      | Acquired the amulet "Zoizxoje" {Faith rF+}
  3829 | D:5      | Entered Level 5 of the Dungeon
  3849 | D:4      | Reached skill level 10 in Long Blades
  3996 | D:5      | Reached skill level 1 in Invocations
  4080 | D:5      | Reached **** piety under Zin
  4116 | D:5      | Reached skill level 5 in Dodging
  4220 | D:5      | Reached XP level 8. HP: 32/60 MP: 9/9
  4553 | D:5      | Found a blossoming altar of Fedhas.
  4569 | D:5      | Reached skill level 5 in Fighting
  4590 | D:5      | Reached skill level 1 in Shields
  4592 | D:5      | Identified the +10 longbow "Uhiuco Lele" {drain, rN+ Will+
                  | Str-5}
  4982 | D:6      | Found a hazy altar of Hepliaklqana.
  5173 | D:6      | Found a glowing silver altar of Zin.
  5203 | D:6      | Reached skill level 11 in Long Blades
  5256 | D:6      | Found a sand-covered staircase.
  5351 | Ossuary  | Entered an ossuary
  5439 | Ossuary  | Reached ***** piety under Zin
  5633 | Ossuary  | Reached XP level 9. HP: 68/68 MP: 10/10
  5685 | Ossuary  | Reached skill level 12 in Long Blades
  6010 | D:6      | Noticed Blork the orc
  6023 | D:6      | Killed Blork the orc
  6921 | D:7      | Found a staircase to the Ecumenical Temple.
  7068 | D:7      | Noticed Maggie
  7083 | D:7      | Killed Maggie
  7285 | D:7      | Reached XP level 10. HP: 54/79 MP: 13/13
  7399 | D:7      | Reached skill level 10 in Dodging
  7515 | D:7      | Found a sacrificial altar of Ru.
  7564 | D:7      | Reached ****** piety under Zin
  7693 | D:7      | Reached skill level 16 in Long Blades
  7693 | D:7      | Reached XP level 11. HP: 84/84 MP: 14/14
  7953 | D:7      | Found a shimmering altar of Xom.
  7986 | D:7      | Reached skill level 17 in Long Blades
  8435 | D:8      | Identified the +3 rapier of the Blushing Fool {freeze, rC+}
  8460 | D:8      | Noticed a two-headed ogre
  8475 | D:8      | Killed a two-headed ogre
  8499 | D:8      | Noticed a centaur warrior
  8504 | D:8      | Killed a centaur warrior
  8635 | D:8      | Noticed a manticore
  8650 | D:8      | Killed a manticore
  8959 | D:8      | Reached skill level 10 in Fighting
  8959 | D:8      | Reached skill level 1 in Stealth
  9107 | D:8      | Identified the +5 scale mail of Tirut {Int+3}
  9107 | D:8      | Identified the +5 ring mail of the Gate {rF++ Str+5}
  9159 | D:8      | Noticed a six-headed hydra
  9170 | D:8      | Killed a one-headed hydra
  9184 | D:8      | Paralysed by a hornet for 2 turns
  9186 | D:8      | HP: 2/135 [hornet (7)]
  9186 | D:8      | Mangled by a hornet

Illustrated notes

Levels and vault maps discovered:
D:1:      tarquinn_simple_flora_water_e, layout_basic,
          hellmonk_ecumenical_altar_inner_sanctum
D:2:      layout_basic, minmay_pentomino_pile
D:3:      layout_rooms, mainiacjoe_overflow_six_doors_small,
          lemuel_doored_altar, serial_shops, shop, chequers_mini_garden
D:4:      layout_basic, grunt_dithmenos_smoke, serial_co_window_serial,
          co_window_corner_a, co_window_paths_a, co_window_corner_a,
          co_window_of_opportunity_a, co_window_corner_a, co_window_paths_a,
          co_window_paths_c, co_window_corner_cb, co_window_cross_4,
          co_window_2corner, co_window_broadway_b, co_window_of_opportunity_b,
          co_window_corner_cb, glass_columns_a, glass_columns_c, glass_columns_a
D:5:      layout_basic, fedhas_altar_1
D:6:      minmay_angry_zag, layout_basic, mainiacjoe_overflow_surrounded_room,
          mainiacjoe_overflow_small_starburst,
          lightli_ossuary_entry_decrepit_ruins, uniq_blork_the_orc
D:7:      minmay_s_stair_smasher, layout_basic, xom_butterflies,
          nicolae_ru_great_annihilating_truth, minmay_temple_entry_wispy,
          hangedman_glass_teeth, uniq_maggie
D:8:      minmay_the_grid_octo_triangle [minmay_the_grid_octo_clover_2,
          minmay_the_grid_octo_prize_ultimate_mussel_roller,
          minmay_the_grid_octo_checkerflower], layout_basic,
          mainiacjoe_overflow_alcove_4, minmay_shattered_shrine, uniq_psyche

Skill      XL: |  1  2  3  4  5  6  7  8  9 10 11 |
---------------+----------------------------------+-----
Long Blades    | 4 5 7 9 10 11 12 16 17 | 17.0
Invocations    | 2 4 |  4.0
Fighting       | 3 5 7 10 | 10.0
Dodging        | 5 6 9 10 | 10.0
Shields        | 2 |  2.0
Stealth        | 4 |  4.9
Throwing       | |  2.0

Action                     |  1- 3 |  4- 6 |  7- 9 | 10-12 || total
---------------------------+-------+-------+-------+-------++-------
  Melee: Long sword        |   108 |   158 |   532 |   182 ||   980
         Scimitar          |       |       |       |     7 ||     7
  Throw: Throwing net      |     1 |     3 |       |       ||     4
         Dart              |       |     1 |     7 |     1 ||     9
 Invoke: Recite            |       |       |     2 |       ||     2
    Use: Scroll            |     4 |     4 |     5 |     4 ||    17
         Potion            |       |       |     1 |     7 ||     8
   Stab: Held in net/web   |       |     4 |       |       ||     4
         Invisible         |       |       |     2 |       ||     2
         Paralysed         |       |       |       |     1 ||     1
 Armour: Ring mail         |    35 |    39 |   108 |       ||   182
         Acid dragon scale |       |       |     5 |    27 ||    32
  Dodge: Dodged            |    63 |    73 |   221 |   101 ||   458
  Block: Buckler           |    10 |    34 |   132 |    39 ||   215
